 Dungeon Crawl Stone Soup version 0.30-a0-760-g5a9884bb7c (webtiles) character file.

Game seed: 2353912475405439539

967 holysushi the Martial Artist (level 7, -1/40 HPs)
             Began as a Vampire Monk on Feb 11, 2023.
             Slain by a killer bee (4 damage)
             ... on level 6 of the Dungeon.
             The game lasted 00:06:28 (5649 turns).

holysushi the Martial Artist (Vampire Monk)         Turns: 5649, Time: 00:06:28

Health: -1/40      AC:  0    Str: 10    XL:     7   Next: 93%
Magic:  7/7        EV: 21    Int: 13    God:
Gold:   345        SH:  0    Dex: 23    Spells: 6/6 levels left

rFire   . . .      SeeInvis +      - Unarmed
rCold   + + .      Faith    .    (shield currently unavailable)
rNeg    + + +      Spirit   .    (body armour currently unavailable)
rPois   ∞          Reflect  .    (helmet currently unavailable)
rElec   .          Harm     .    (cloak currently unavailable)
rCorr   .          Rampage  .    (gloves currently unavailable)
Will    .....                    (boots currently unavailable)
Stlth   +++++                    (no amulet)
HPRegen 0.00/turn                (ring currently unavailable)
MPRegen 0.10/turn                (ring currently unavailable)

@: bat-form, flying, bloodless, inhibited regen, very quick
A: fast, flying, no casting, tiny, bloodless, fangs 3, see invisible, vampiric 2
a: Revivify, End Transformation


You were on level 6 of the Dungeon.
You were a vampire bat.
You visited 2 branches of the dungeon, and saw 8 of its levels.

You collected 345 gold pieces.

Inventory:

Armour
 a - a +1 robe (melded)
Jewellery
 f - a ring of positive energy (melded)
 r - a +6 ring of dexterity
Wands
 g - a wand of polymorph (5)
 j - a wand of flame (50)
 s - a wand of iceblast (7)
Scrolls
 d - 3 scrolls of teleportation
 e - a scroll of noise {unknown}
 i - a scroll of summoning {unknown}
 k - a scroll of magic mapping
 m - a scroll of identify
Potions
 b - a potion of ambrosia
 c - 2 potions of lignification
 h - 3 potions of attraction {unknown}
 l - a potion of flight
 n - 3 potions of invisibility {unknown}
 o - 2 potions of heal wounds {unknown}
 p - a potion of curing {unknown}
 q - a potion of degeneration {unknown}


   Skills:
 - Level 2.6 Fighting
 - Level 3.2 Dodging
 - Level 3.0 Stealth
 + Level 10.5 Unarmed Combat


You had 6 spell levels left.
You didn't know any spells.
Your spell library contained the following spells:

 Spells                   Type           Power      Damage    Failure   Level
 Call Canine Familiar     Summ           0%         N/A       67%         3
 Portal Projectile        Hex/Tloc       0%         N/A       67%         3
 Leda's Liquefaction      Hex/Erth       0%         N/A       97%         4


Dungeon Overview and Level Annotations

Branches:
Dungeon (7/15) Zot: 26765  Temple (1/1) D:6 Zot: 5972

Altars:
Ashenzari
Cheibriados
Dithmenos
Fedhas
Gozag
Hepliaklqana
Kikubaaqudgha
Makhleb
Nemelex Xobeh
Okawaru
Qazlal
Trog
Uskayaw
Vehumet


Innate Abilities, Weirdness & Mutations

You are a vampire bat.
You are tiny and dextrous.
You move quickly.
You are flying.
You are immune to poison.
Your equipment is almost entirely melded.
You are incapable of wielding weapons or throwing items.
You cannot cast spells.
You do not regenerate when monsters are visible.
You are frail without blood (-20% HP).
You can heal yourself when you bite living creatures.
You are immune to poison.
You have razor-sharp teeth.
You have supernaturally acute eyesight. (SInv)
You are afflicted with vampirism and can become a bat while bloodless.


Message History

The orc warrior unwields a +0 long sword.
The orc warrior wields a +0 arbalest.
The orc warrior shoots a bolt.
The bolt closely misses you.
A killer bee comes into view.
The killer bee buzzes angrily. x2; You hear an angry buzzing noise.
There is a stone staircase leading up here.
The killer bee misses you. The killer bee closely misses you.
You fly upwards.
There is a stone staircase leading down, spattered with blood here.
Things that are here:
a +0 mace; an orc corpse You barely miss the killer bee.
The killer bee completely misses you.
You closely miss the killer bee. You bite the killer bee.
The killer bee is lightly wounded.
The killer bee misses you. The killer bee stings you.
* * * LOW HITPOINT WARNING * * *
You barely miss the killer bee.
The killer bee is lightly wounded.
The killer bee barely misses you. The killer bee closely misses you.
You barely miss the killer bee.
The killer bee is lightly wounded.
The killer bee barely misses you.
You hit the killer bee.
The killer bee is moderately wounded.
The killer bee misses you. The killer bee stings you.
* * * LOW HITPOINT WARNING * * *
You hit the killer bee.
The killer bee is moderately wounded.
The killer bee completely misses you. The killer bee stings you.
* * * LOW HITPOINT WARNING * * *
You closely miss the killer bee.
The killer bee is moderately wounded.
The killer bee misses you.
You closely miss the killer bee.
The killer bee is moderately wounded.
The killer bee closely misses you. The killer bee completely misses you.
You hit the killer bee. You bite the killer bee.
The killer bee is almost dead.
The killer bee stings you.
You die...

........#.....................##
##.###..#..###.###.............#
..#...#..##...#...#........<..##
..#...#...#...#..........##..##
..#..###..#...#..#........#..#
##..#...#..###...#...........#
#...#...#...#........[#..#...#
#..##...#...#...)#....########
..#..###.###...yb......# ##.##
..#....................###...##
..#......#.......##...........#
....####.#.....####...####..###
...###............##<.####..##
.....#...............##.##...#
...............###..........##
.....#........####..##...####
....###.......#..........#


You could see a killer bee.

Vanquished Creatures
  An ice beast (D:6)
  An ogre (D:5)
  A centaur (D:6)
  2 phantoms (D:6)
  2 bullfrogs (D:6)
  A necrophage (D:4)
  2 hounds
  2 jellies
  2 orc wizards
  2 iguanas
  4 adders
  A shadow imp (D:5)
  A white imp (D:5)
  A worm (D:2)
  3 dart slugs
  14 orcs
  6 ball pythons
  6 endoplasms
  3 giant cockroaches
  7 hobgoblins
  8 kobolds
  2 quokkas
  3 bats (D:1)
  4 frilled lizards
  5 goblins
  8 rats
92 creatures vanquished.

Notes
Turn   | Place    | Note
-------+----------+-------------------------------------------
     0 | D:1      | holysushi the Vampire Monk began the quest for the Orb.
     0 | D:1      | Reached XP level 1. HP: 17/17 MP: 1/1
   176 | D:1      | Reached XP level 2. HP: 23/23 MP: 2/2
   217 | D:1      | Reached skill level 4 in Unarmed Combat
   823 | D:2      | Gained mutation: You are afflicted with vampirism and can
                  | become a bat while bloodless. [Vampire growth]
   823 | D:2      | Reached XP level 3. HP: 27/28 MP: 3/3
   864 | D:2      | Found a faded altar of an unknown god.
  1109 | D:2      | Reached skill level 5 in Unarmed Combat
  1517 | D:3      | Reached XP level 4. HP: 27/27 MP: 4/4
  1828 | D:3      | Reached skill level 6 in Unarmed Combat
  2856 | D:4      | Reached XP level 5. HP: 13/31 MP: 5/5
  2986 | D:5      | Entered Level 5 of the Dungeon
  3464 | D:4      | Reached skill level 7 in Unarmed Combat
  4022 | D:4      | Reached XP level 6. HP: 12/36 MP: 6/6
  4437 | D:5      | Reached skill level 8 in Unarmed Combat
  4437 | D:5      | Found a hazy altar of Hepliaklqana.
  4474 | D:6      | Noticed an ice beast
  4727 | D:6      | Found a bloodstained altar of Trog.
  4740 | D:6      | Reached XP level 7. HP: 15/40 MP: 7/7
  4865 | D:6      | Reached skill level 9 in Unarmed Combat
  4931 | D:6      | Found a staircase to the Ecumenical Temple.
  4945 | Temple   | Entered the Ecumenical Temple
  4945 | Temple   | Found a transporter.
  4945 | Temple   | Found a transporter.
  4947 | Temple   | Found a transporter.
  4947 | Temple   | Found a transporter.
  5078 | D:6      | Found a shadowy altar of Dithmenos.
  5081 | D:6      | Found a broken altar of Ashenzari.
  5095 | D:6      | Found a radiant altar of Vehumet.
  5098 | D:6      | Found a snail-covered altar of Cheibriados.
  5250 | D:6      | Identified the +3 dagger of Risk Management {flame, rC+}
  5365 | D:6      | Reached skill level 10 in Unarmed Combat
  5649 | D:6      | Slain by a killer bee

Illustrated notes

Levels and vault maps discovered:
D:1:      ebering_hopf_link, layout_basic
D:2:      layout_rooms, ebering_ecumenical_altar_hall, roderic_roman_lattice
D:3:      layout_rooms
D:4:      layout_basic
D:5:      layout_rooms, marbit_many_paths
D:6:      layout_cave_pools, grunt_temple_overflow_cloverleaf,
          amcnicky_altar_gilded, minmay_temple_entry_mist, nicolae_titane
D:7:      layout_basic, mainiacjoe_overflow_24_doors, xom_teletrap_fun,
          uniq_maggie
Temple:   hellmonk_temple_divided_pantheon

Skill      XL: |  1  2  3  4  5  6  7 |
---------------+----------------------+-----
Unarmed Combat | 4 5 6 7 8 10 | 10.5
Fighting       | |  2.6
Dodging        | |  3.2
Stealth        | |  3.0

Action                     |  1- 3 |  4- 6 |  7- 9 || total
---------------------------+-------+-------+-------++-------
  Melee: Unarmed           |   130 |   191 |    81 ||   402
         Bite              |    17 |    33 |    12 ||    62
Ability: Bat Form          |     1 |       |       ||     1
         Exsanguinate      |     1 |       |       ||     1
    Use: Scroll            |       |     8 |       ||     8
   Stab: Sleeping          |    15 |    18 |     3 ||    36
 Armour: Robe              |     9 |       |       ||     9
  Dodge: Dodged            |    86 |   143 |    88 ||   317

Table legend: (Time is in decaauts)
 A = Elapsed time spent in this place.
 B = Non-inter-level travel time spent in this place.
 C = Inter-level travel time spent in this place.
 D = Time resting spent in this place.
 E = Time spent auto-exploring this place.
 F = Levels seen in this place.
 G = Mean time per level.
                   A        B        C        D        E       F      G
               +--------+--------+--------+--------+--------+-----+--------+
         Total |   4507 |   4335 |    172 |   1324 |   1976 |   8 |  563.4 |
       Dungeon |   4480 |   4308 |    172 |   1324 |   1972 |   7 |  640.0 |
        Temple |     27 |     27 |      0 |      0 |      3 |   1 |   27.0 |
               +--------+--------+--------+--------+--------+-----+--------+

Top non-repeatable levels by time:
     D:4: 1112 daAuts
     D:1: 856 daAuts
     D:6: 702 daAuts
     D:3: 699 daAuts
     D:5: 691 daAuts
     D:2: 388 daAuts
     D:7: 30 daAuts
  Temple: 27 daAuts
